Map: Prion Terraces

Players

avilo

  • Race: Terran Terran
  • League: Master
  • Spawn Location: 11:00

SuMmErTimE - Winner!

  • Race: Protoss Protoss
  • League: Master
  • Spawn Location: 5:00

VOD

Have the link to the VOD?

Description

meeK vs avilo

Time

  • Played on: April 11, 2016, 9:47 a.m.
  • Length: 2:24
Show
View Real Time Build Order
Export as new Build Order

avilo Terran 

Build Orders:  

Get SALT Encoding   

  12  0:01  SCV  
  13  0:13  Supply Depot  
  13  0:21  Refinery  
  13  0:24  SCV  
  14  0:36  SCV  
  15  0:45  Barracks  
  15  0:48  SCV  
  16  1:00  SCV  
  17  1:12  SCV  
  18  1:33  Orbital Command  
  18  1:34  Factory  
  18  1:35  Supply Depot  
  19  2:18  Command Center  
  19  2:20  Bunker  
Show
View Real Time Build Order
Export as new Build Order

SuMmErTimE Protoss - Winner!

Build Orders: 1 Gate Expand 

Get SALT Encoding   

  12  0:01  Probe (Chrono Boost)  
  13  0:11  Probe (Chrono Boost)  
  14  0:17  Pylon  
  14  0:22  Probe (Chrono Boost)  
  16  0:35  Probe (Chrono Boost)  
  16  0:37  Gateway  
  16  0:43  Assimilator  
  16  0:46  Probe (Chrono Boost)  
  17  0:54  Pylon  
  17  0:58  Probe (Chrono Boost)  
  18  1:24  Nexus  
  18  1:29  Zealot (Chrono Boost)  
  20  1:46  Cybernetics Core  
  20  1:55  Probe  
  20  1:59  Assimilator  
  21  2:07  Probe  
Tags
 
Add a new tag
Caveats
  • Supply blocks, unpowered buildings, or Contaminate may cause inaccurate times.
  • Supply counts are checked every 10 seconds.